AoeStats
← hemsch01

Lombardia

507869345Analyzed
3v3 RM · 13d ago on Sep 20, 2026· 71m 39s· 6 players
Game mode
Random Map
Map size
Normal (6 player)
Population
200
Speed
Normal
Resources
Standard
Victory
Conquest
Starting age
Dark Age
Ending age
Imperial Age
RankedLock teamsTeams togetherTeam positionsShared explorationLock speedFull tech treeHidden civsTurbo modeCheats
Victory
Defeat
🇺🇸 Burgundians · United States
946
+15
🇺🇸 Lithuanians · United States
945
+15
🇺🇸 Teutons · United States
938
+15
🇺🇸 Britons · United States
923
-39
🇺🇸 Goths · United States
923
-39
🇺🇸 Magyars · United States
923
-39
hemsse01
5:11 Loom
10:52 Feudal Age
12:26 Horse Collar
15:29 Double-Bit Axe
17:19 Bloodlines
20:21 Castle Age
30:08 Corvinian Army
32:28 Bow Saw
32:21 Heavy Plow
34:10 Wheelbarrow
37:51 Imperial Age
35:45 Scale Barding Armor
38:36 Chain Barding Armor
38:07 Fletching
39:16 Conscription
39:02 Capped Ram
39:13 Elite Magyar Huszar
40:40 Plate Barding Armor
40:06 Padded Archer Armor
40:01 Bodkin Arrow
40:10 Murder Holes
40:37 Ballistics
41:19 Chemistry
57:01 Gold Mining
57:01 Stone Mining
hemsch01
5:42 Loom
11:06 Feudal Age
14:14 Man-at-Arms
17:30 Castle Age
16:48 Double-Bit Axe
16:55 Horse Collar
18:14 Forging
21:39 Squires
24:46 Pikeman
26:09 Squires
28:43 Iron Casting
28:25 Gold Mining
28:25 Stone Mining
28:46 Heavy Plow
29:12 Bow Saw
28:55 Long Swordsman
32:00 Wheelbarrow
35:19 Imperial Age
33:54 Scale Mail Armor
34:57 Hand Cart
36:06 Ballistics
36:08 Two-Handed Swordsman
36:52 Town Watch
37:21 Halberdier
39:46 Blast Furnace
39:59 Two-Man Saw
39:04 Champion
44:09 Chain Mail Armor
44:28 Perfusion
48:05 Fletching
50:15 Anarchy
65:52 Caravan
Nasakev
4:58 Loom
10:23 Feudal Age
18:22 Castle Age
21:08 Horse Collar
20:57 Crossbowman
21:48 Padded Archer Armor
22:40 Double-Bit Axe
23:15 Fletching
25:21 Wheelbarrow
26:12 Leather Archer Armor
26:37 Town Watch
30:14 Bodkin Arrow
31:51 Yeomen
34:08 Imperial Age
34:22 Imperial Age
32:13 Hand Cart
32:05 Gold Mining
32:06 Stone Mining
32:27 Bow Saw
32:53 Ballistics
32:58 Town Patrol
35:37 Arbalester
36:29 Squires
35:50 Pikeman
37:30 Light Cavalry
38:16 Husbandry
40:07 Chemistry
39:35 Conscription
38:36 Elite Longbowman
42:14 Caravan
43:24 Ring Archer Armor
42:55 Bracer
43:00 Scale Mail Armor
43:22 Halberdier
68:37 Hoardings
Jamezbondage0069
4:00 Loom
11:14 Feudal Age
12:15 Double-Bit Axe
12:46 Horse Collar
19:24 Castle Age
18:26 Scale Barding Armor
22:00 Bow Saw
22:48 Gold Mining
23:51 Bloodlines
23:51 Husbandry
26:21 Town Watch
27:19 Forging
29:33 Heavy Plow
34:42 Imperial Age
34:46 Wheelbarrow
35:43 Cavalier
38:11 Chain Barding Armor
38:28 Iron Casting
39:15 Paladin
41:35 Conscription
41:53 Hoardings
48:24 Fortified Wall
48:10 Murder Holes
48:18 Elite Skirmisher
54:02 Elite Leitis
55:17 Heavy Cavalry Archer
56:05 Light Cavalry
56:59 Winged Hussar
58:32 Plate Barding Armor
57:47 Fletching
57:59 Padded Archer Armor
61:13 Thumb Ring
63:14 Leather Archer Armor
DaHeist
5:20 Double-Bit Axe
7:33 Loom
11:11 Feudal Age
10:29 Horse Collar
16:38 Castle Age
17:44 Husbandry
21:00 Town Watch
21:54 Wheelbarrow
21:43 Bow Saw
26:13 Stone Mining
28:09 Cavalier
31:34 Heavy Plow
32:12 Ballistics
32:36 Burgundian Vineyards
35:03 Imperial Age
32:53 Hand Cart
32:40 Town Patrol
33:07 Fervor
33:18 Sanctity
33:12 Redemption
33:19 Padded Archer Armor
33:10 Fletching
36:45 Chemistry
36:07 Leather Archer Armor
35:49 Bodkin Arrow
36:35 Conscription
40:35 Light Cavalry
41:52 Hussar
47:45 Forging
47:41 Scale Barding Armor
56:49 Caravan
59:37 Crop Rotation
60:58 Two-Man Saw
trgouldi
8:06 Loom
11:05 Feudal Age
11:40 Double-Bit Axe
11:39 Horse Collar
12:24 Town Watch
18:34 Castle Age
18:46 Forging
18:43 Scale Barding Armor
19:42 Fletching
26:05 Ballistics
31:11 Heavy Plow
34:37 Imperial Age
34:54 Wheelbarrow
35:29 Bloodlines
35:43 Conscription
37:40 Chemistry
37:31 Cavalier
38:10 Onager
39:51 Iron Casting
41:25 Heavy Scorpion
43:28 Paladin
44:40 Chain Barding Armor
45:44 Blast Furnace
47:17 Ironclad
51:35 Crenellations
51:39 Hand Cart
52:03 Plate Barding Armor
54:10 Elite Skirmisher
55:17 Bodkin Arrow
55:23 Padded Archer Armor
55:31 Siege Engineers
62:15 Leather Archer Armor
66:57 Bow Saw
67:01 Caravan
67:40 Man-at-Arms
67:42 Pikeman
68:23 Squires
69:05 Scale Mail Armor
71:20 Halberdier
Connection lost

Rejoining the realm…

Still unreachable

The connection could not be restored.

Session expired

The server has moved on; the page needs a fresh start.